Cogmind - Beta 12 X4 @@@ ROGUE MODE // 2023.01.16 @ 20:07:13 Player: Lunatic Blue Result: Destroyed by D-53 Grenadier with Mini Grenade Launcher Performance ------------- Evolutions (0) 0 Regions Visited (2) 400 Robots Destroyed (17) 85 Value Destroyed (284) 284 Prototype IDs (0) 0 Alien Tech Used (0) 0 Bonus (0) 0 TOTAL SCORE: 769 Bonus ------- None Cogmind --------- Core Integrity 0/250 Matter 218/300 Energy 160/160 System Corruption 0% Temperature Cool (2) Movement Treading (240) Ox1 Location -10/Mines Parts ------- > --- POWER (1) -------- Light Nuclear Core > --- PROPULSION (2) --- Improved Treads > --- UTILITY (2) ------ Large Storage Unit Targeting Computer > --- WEAPON (2) ------- Assault Rifle Light Assault Rifle > --- INVENTORY (15) --- Improved Treads Improved Treads Compact Wheel Compact Wheel Improved Heat Sink Hacking Suite Tractor Beam EM Pulse Gun Mini Grenade Launcher Peak State ------------ > --- POWER ------------ Light Nuclear Core > --- PROPULSION ------- Improved Treads Compact Wheel > --- UTILITY ---------- Small Storage Unit Large Storage Unit > --- WEAPON ----------- Assault Rifle Assault Rifle > --- INVENTORY -------- Improved Treads Improved Treads Improved Treads Compact Wheel Compact Wheel Improved Heat Sink Hacking Suite Tractor Beam EM Pulse Gun Assault Rifle Light Assault Rifle Mini Grenade Launcher [Rating: 12] Favorites ----------- Power Light Ion Engine Engine Light Ion Engine Power Core Light Nuclear Core Propulsion Compact Wheel Treads Light Treads Leg Aluminum Leg Wheel Compact Wheel Utility Small Storage Unit Storage Small Storage Unit Processor Targeting Computer Weapon Assault Rifle Ballistic Gun Assault Rifle Launcher Mini Grenade Launcher Build | -11 -10 -10 ------- Run | Scr Mat Min Slots Evolved . | . . . Power . | . . . Propulsion . | . . . Utility . | . . . Weapon . | . . . Parts Attached 18 | 3 2 13 Power 2 | . . 2 Engine 1 | . . 1 Core 1 | . . 1 Reactor . | . . . Propulsion 4 | 2 . 2 Treads 3 | 1 . 2 Leg . | . . . Wheel 1 | 1 . . Hover . | . . . Flight . | . . . Utility 2 | . 1 1 Device . | . . . Storage 1 | . 1 . Processor 1 | . . 1 Hackware . | . . . Protection . | . . . Artifact . | . . . Weapon 10 | 1 1 8 Energy Gun . | . . . Energy Cannon . | . . . Ballistic Gun 8 | 1 1 6 Ballistic Cannon . | . . . Launcher 2 | . . 2 Special Weapon . | . . . Impact Weapon . | . . . Slashing Weapon . | . . . Piercing Weapon . | . . . Special Melee Weapon . | . . . Unidentified Prototypes . | . . . Parts Lost 7 | . . 7 Power 2 | . . 2 Propulsion 3 | . . 3 Utility . | . . . Weapon 2 | . . 2 Highest Loss Streak 4 | . . 4 To Critical Strikes . | . . . Average Slot Usage (%) 95 | . 93 97 Engine 10 | . 14 7 Core 3 | . . 6 Treads 13 | . 14 12 Wheel 13 | . 14 13 Storage 23 | . 21 25 Processor 1 | . . 2 Ballistic Gun 27 | . 28 27 Naked Turns . | . . . Heaviest Build 34 | 11 31 34 Greatest Support 16 | 16 16 16 Greatest Overweight (x) 2 | . 1 2 Average Overweight (x) . | . . 1 Largest Inventory Capacity 15 | 8 15 15 Average Capacity 13 | 8 11 15 Most Carried 13 | 6 11 13 Average Carried 9 | 5 8 10 Final Capacity 15 | 8 15 15 Final Carried 11 | 4 11 9 Class Distribution -------------------- 100% | Mutant Dominant Class ---------------- Mutant | -10/Materials Mutant | -10/Mines Resources | -11 -10 -10 ----------- Run | Scr Mat Min Matter Collected 569 | 200 109 260 Remotely . | . . . Salvage Created 454 | . 171 283 Parts 27 | . 16 11 Haulers Intercepted . | . . . Recyclers Shooed . | . . . Parts Field Recycled . | . . . Retrieved Matter . | . . . Parts Self-Destructed . | . . . Prevented . | . . . Kills | -11 -10 -10 ------- Run | Scr Mat Min Combat Hostiles Destroyed 23 | . 8 15 Guns 12 | . 8 4 AOE 11 | . . 11 Classes Destroyed 4 | . 2 2 Recycler 2 | . 1 1 Swarmer 11 | . 8 3 Grunt 4 | . . 4 Assembled 8 | . . 8 Best Kill Streak 8 | . 3 8 Combat Bots Only 8 | . 3 8 Max Kills in Single Turn 3 | . 2 3 Gunslinging . | . . . Exploded 3 | . . 3 Melee . | . . . Uniques/NPCs Destroyed . | . . . Combat | -11 -10 -10 -------- Run | Scr Mat Min Damage Taken 1203 | . 219 984 Core 258 | . 33 225 Absorbed by Shields . | . . . Core Remaining (%) 100 | 100 . . Volleys Fired 56 | . 18 38 Largest 2 | . 2 2 Hottest 40 | . 40 40 Shots Fired 104 | . 36 68 Gun 96 | . 36 60 Cannon . | . . . Launcher 8 | . . 8 Special . | . . . Kinetic 96 | . 36 60 Thermal . | . . . Explosive 8 | . . 8 Electromagnetic . | . . . Robot Hit Streak 6 | . 5 6 Robot Miss Streak 3 | . 3 2 Penetration Max . | . . . Secondary Targets 2 | . 1 1 Max Gunslinging Chain 1 | . 1 1 Shots Hit Robots 61 | . 18 43 Core Hits 45 | . 11 34 Critical Kills . | . . . Critical Parts Destroyed 1 | . . 1 Critical Strikes 1 | . . 1 Destroy 1 | . . 1 Melee Attacks . | . . . Impact . | . . . Slashing . | . . . Piercing . | . . . Sneak Attacks . | . . . Combat Hostiles . | . . . Follow-up Attacks . | . . . Damage Inflicted 1345 | . 219 1126 Guns 695 | . 219 476 Cannons . | . . . Explosions 650 | . . 650 Melee . | . . . Ramming . | . . . Kinetic 695 | . 219 476 Thermal . | . . . Explosive 650 | . . 650 Electromagnetic . | . . . Impact . | . . . Slashing . | . . . Piercing . | . . . Highest Corruption . | . . . Average Corruption . | . . . Corruption Purged . | . . . Corruption Blocked . | . . . Overload Shots . | . . . Overflow Damage 27 | . . 27 Projectiles . | . . . Explosions 27 | . . 27 Melee . | . . . Knockbacks . | . . . Impact . | . . . Kinetic . | . . . Secondary . | . . . Self-Inflicted Damage 13 | . . 13 Shots 1 | . . 1 Rammed . | . . . Targets Rammed . | . . . Kicked . | . . . Crushed . | . . . Highest Temperature 55 | . . 55 Average Temperature 16 | . . 16 Received Heat Transfer 280 | . . 280 Siege Activations . | . . . Robots Corrupted . | . . . Combat Hostiles . | . . . Parts Fried . | . . . Impact Corruptions . | . . . Robots Melted . | . . . Combat Hostiles . | . . . Parts Melted 1 | . . 1 Heat Transferred . | . . . Parts Sabotaged . | . . . Parts Stolen . | . . . Parts Stripped . | . . . Power Chain Reactions . | . . . Missiles Intercepted . | . . . Alert | -11 -10 -10 ------- Run | Scr Mat Min Peak Influence 310 | . 196 310 Initial 39 | . . 39 Average 141 | . 78 201 Maximum Alert Level 1 | . . 1 Low Security (%) 61 | 100 100 25 Level 1 38 | . . 74 Level 2 . | . . . Level 3 . | . . . Level 4 . | . . . Level 5 . | . . . High Security . | . . . Max Security . | . . . Squads Dispatched 1 | . 1 . Investigation 1 | . 1 . Extermination . | . . . Reinforcement . | . . . Assault . | . . . Garrison . | . . . Intercept . | . . . Searches Triggered . | . . . Construction Impeded . | . . . Haulers Reinforced . | . . . Active Scanning Responses . | . . . Cargo Convoy Interrupts . | . . . Stealth | -11 -10 -10 --------- Run | Scr Mat Min Distress Signals 2 | . 1 1 Communications Jammed . | . . . Distress Signals . | . . . Times Spotted 34 | . 15 19 Peak Tracking Total 7 | . 3 7 Tactical Retreats 2 | . 2 . Traps | -11 -10 -10 ------- Run | Scr Mat Min Traps Triggered 1 | . 1 . Indirectly . | . . . Trap Hack Attempts . | . . . Triggered . | . . . Disarmed . | . . . Reprogrammed . | . . . Reused . | . . . Traps Extracted . | . . . Installed . | . . . Triggered . | . . . Machines | -11 -10 -10 ---------- Run | Scr Mat Min Machines Disabled . | . . . Max in Single Turn . | . . . Machines Sabotaged . | . . . Overloaded Fab Kills . | . . . Hacking | -11 -10 -10 --------- Run | Scr Mat Min Machines Accessed 3 | . 3 . Terminals 3 | . 3 . Fabricators . | . . . Repair Stations . | . . . Recycling Units . | . . . Scanalyzers . | . . . Garrison Access . | . . . Total Hacks 16 | . 16 . Successful 10 | . 10 . Failed 5 | . 5 . Catastrophic 1 | . 1 . Database Lockouts 1 | . 1 . Manual 12 | . 12 . Terminals 16 | . 16 . Fabricators . | . . . Repair Stations . | . . . Recycling Units . | . . . Scanalyzers . | . . . Garrison Access . | . . . Terminal Hacks 6 | . 6 . Robot Analysis 2 | . 2 . Branch Access Points 1 | . 1 . Unreport Threat 2 | . 2 . Registered Components 1 | . 1 . Fabricator Hacks . | . . . Repair Station Hacks . | . . . Recycling Unit Hacks . | . . . Scanalyzer . | . . . Garrison Access Hacks . | . . . Unauthorized Hacks 4 | . 4 . Terminals 4 | . 4 . Assimilate 1 | . 1 . Botnet 2 | . 2 . Operators 1 | . 1 . Fabricators . | . . . Repair Stations . | . . . Recycling Units . | . . . Scanalyzers . | . . . Garrison Access . | . . . Data Cores Recovered . | . . . Used . | . . . Hacking Detections 3 | . 3 . Full Trace Events . | . . . Feedback Events . | . . . Feedback Blocked . | . . . Robot Schematics Acquired . | . . . Robots Built . | . . . Authchips . | . . . Time . | . . . Total Robot Build Rating . | . . . Part Schematics Acquired . | . . . Parts Built . | . . . Authchips . | . . . Time . | . . . Total Part Build Rating . | . . . Parts Repaired . | . . . Time . | . . . Parts Recycled . | . . . Recycled Matter . | . . . Retrieved Matter . | . . . Retrieved Components . | . . . Parts Scanalyzed . | . . . Part Schematics Acquired . | . . . Parts Damaged . | . . . Bothacking | -11 -10 -10 ------------ Run | Scr Mat Min Used RIF Installer . | . . . Robots Hacked . | . . . Non-combat . | . . . Combat . | . . . Robot Hacks Applied . | . . . Relay Couplers Released . | . . . Fabnet Peak Effective % . | . . . Robots Rewired . | . . . Allies Hacked . | . . . Hacks Repelled . | . . . Allies | -11 -10 -10 -------- Run | Scr Mat Min Total Allies 3 | . 1 2 Largest Group 2 | . 1 2 Highest-Rated Group 42 | . 10 42 Highest-Rated Ally 31 | . 10 31 Total Orders . | . . . Ally Attacks 2 | . . 2 Total Damage 40 | . . 40 Kills 1 | . . 1 Allies Corrupted . | . . . Allies Melted . | . . . Intel | -11 -10 -10 ------- Run | Scr Mat Min Robot Analysis Total 2 | . 2 . Derelict Logs Recovered . | . . . Drone Launches . | . . . Drone Recoveries . | . . . Exploration | -11 -10 -10 ------------- Run | Scr Mat Min Turns Passed 794 | 5 378 411 Spaces Moved 504 | 1 270 233 Core . | . . . Treads . | . . . Legs . | . . . Wheels 504 | 1 270 233 Hover . | . . . Flight . | . . . Fastest Speed 100 | 100 100 115 Average Speed 114 | 100 108 120 Slowest Speed 130 | 100 115 130 Overloaded Moves . | . . . Propulsion Burnouts . | . . . Robots Hopped . | . . . Cave-ins Triggered . | . . . Exploration Rate (%) 36 | 2 54 53 Regions Visited 2 Branch Regions 1 Pre-discovered Areas . | . . . Known Exits Taken 1 | . 1 . Unknown Exits Taken 1 | 1 . . Scrap Searched 1 | . . 1 Spaces Dug . | . . . Terrain Destroyed 72 | . . 72 Melee . | . . . Projectile . | . . . AOE 72 | . . 72 Terrain Rammed . | . . . Walls Destroyed . | . . . Machines Disabled . | . . . Actions | -11 -10 -10 --------- Run | Scr Mat Min Total 623 | 5 323 295 Wait 32 | . 26 6 Move 502 | . 269 233 Hop . | . . . Pick Up 11 | . 7 4 Fast Attach 2 | . 1 1 Attach 8 | 2 . 6 Detach . | . . . Swap 8 | 1 1 6 Drop 4 | 2 1 1 Fire 56 | . 18 38 Melee . | . . . Ram . | . . . Kick . | . . . Crush . | . . . Escape Stasis . | . . . Rewire . | . . . Trap . | . . . Miscellaneous . | . . . Route ------- -11/Scrapyard -10/Materials (discovered 3 exits: [*Mat] / *Min x2) -10/Mines (discovered 1 exit: [*Mat]) History --------- Turn | Location | Event 6 | -11/Scrapyard | Discovered new exit (range 0) 6 | -11/Scrapyard | Entered Materials 140 | -10/Materials | Discovered new exit (range 13) 186 | -10/Materials | Central database locked down 186 | -10/Materials | Identified exit to Mines 312 | -10/Materials | Build established: Mutant 384 | -10/Materials | Entered Mines 423 | -10/Mines | Discovered new exit (range 12) 754 | -10/Mines | Assembled infested the area 759 | -10/Mines | Assisted by a Guerilla fighting off Assembled 779 | -10/Mines | Core integrity fell below 50% 789 | -10/Mines | Core integrity fell below 20% 795 | -10/Mines | Destroyed by D-53 Grenadier with Mini Grenade Launcher Last Messages --------------- 00778_ Imp. Treads destroyed. 00779_ The unstable cave ceiling collapses. 00779_ HV Slug penetrates Earth. 00780_ Assault Rifle destroyed. 00781_ HV Slug penetrates D-53 Grenadier. 00782_ S6-8ZB(z) destroyed. 00782_ 7I-AZF(h) destroyed. 00782_ Assault Rifle destroyed. 00783_ D-53 Grenadier destroyed. 00784_ The unstable cave ceiling collapses. 00784_ 49 Matter crushed. 00790_ The unstable cave ceiling collapses. 00790_ K-01 Serf collects debris. 00791_ K-01 Serf destroyed. 00791_ Destroyed Asb. Hover Unit. 00792_ The unstable cave ceiling collapses. 00792_ Lgt. Ion Engine crushed. 00792_ The unstable cave ceiling collapses. 00793_ as-52708 destroyed. 00794_ K-01 Serf collects debris. Map ----- +----------------------------------------------------+ | ??????## ! #?######???????????????????????? | | ??????# #####%### ##??????????????????????? | | ??????# ##??#%## #??????????????????????? | | ??????## ####!## #??????????????????????? | | ??????## #???????????????????????? | | ?????## ##???????????????????????? | | ##???# ###### ##????????????????????????? | | #?## ## ##???# #?????????????????????????? | | ## #######???## ##????????????????????????? | | ##???????## #????????????????????????? | | ##?????## ##???????????????????????? | | ##????# """" ##??????????????????????? | | #????# """" #??????????????????????? | | # ## #????# """" #??????????????????????? | | ###?## ##????## #??????????????????????? | | ###?## ##?????##### #??????????????????????? | | ### ##????????## ##?????????????????????? | | ######????## k #?????????????????????? | | #?????# #?????????????????????? | | #???### ###????????????????????? | | ### ####### ##### ###?##???????????????? | | ##?# #???### ## #% ##??????????????? | | #??# #???# # #??????????????? | | #??# #??# #??????????????? | | #??# #??# ## #??????????????? | | #??# #??# ??## @ d # #??????????????? | | #??# #???# ?????# = #??????????????? | | #?## #????#?????# *#=##??????????????? | | #? #?????????#k ;#??????????????? | | #? ####??????### ## # ### % ????????????? | | ## ##???????? #?##?###???######???????????? | | # ##?????? r#????????????????????????????? | | ##???? #?????????????????????????????? | | #????# #??????????????????????????????? | | #?????## #???????????????????????????????? | | ##??????# #???????????????????????????????? | | #???????# #???????????????????????????????? | | ##???????# #???????????????????????????????? | | # ##????????# #???????????????????????????????? | | ## ############ ##??????????????????????????????? | | ?# ###????????????????????????????? | | ?############## ##????#??????????????????????? | | ??????????????# #??? #??????????????????????? | | ??????????????# #??? #??????????????????????? | | ??????????????## ##??? #??????????????????????? | | ???????????????# ####???? #??????????????????????? | | ???????????????# #??????? ##?????????????????????? | | ???????????????# #???#### ##????????????????????? | | ???????????????# ##### #????????????????????? | | ###????????????# #????????????????????? | +----------------------------------------------------+ Best States ------------- Heat Dissipation 25 Energy Generation 14 Energy Capacity 160 Matter Stores 300 Matter Capacity 300 Sight Range 16 Terrain Scan Density 10 Evasion (%) 40 Targeting Accuracy 5 Recoil Reduction 1 Item Schematics ----------------- None Robot Schematics ------------------ None Fabricated ------------ Nothing Alien Tech Used ----------------- None Achievements -------------- None Challenges ------------ None Game ------ Seed SeismicWardroneBiocell Manual? 0 Play Time 00:09:28 Cumulative 199.2 hours Start 2023.01.16 @ 19:06:19 End 2023.01.16 @ 20:07:13 Sessions 3 Manual Loads 0 Difficulty Rogue Special Mode None Game No. 276 Rogue 276 Adventurer 0 Explorer 0 Win Type - Total 5 Types 1/0/3/0/0/0/1/0/0 Lore% 73 Gallery% 84 Achievement% 64 Wizard Run 0 Options --------- ASCII 0 Keyboard 0 Movement Numpad Keybinds 0 Fullscreen 1 Font 18/SmallcapsGlow Map View 76x50 Tactical HUD 1 Map Filters NONE Filters NONE Steam 1 RUN: e52bce62-1d74-4b44-b0e0-f8e44d9c857b